 Dungeon Crawl Stone Soup version 0.32-a0-18-g89e19f1974 (webtiles) character file.

Game seed: 379909374876417468

52 Sweetruy1997 the Caller (level 3, 0/24 HPs)
             Began as a Barachi Summoner on Jan 16, 2024.
             Killed from afar by Ijyb (2 damage)
             ... with a puff of flame
             ... on level 3 of the Dungeon.
             The game lasted 00:08:39 (2151 turns).

Sweetruy1997 the Caller (Barachi Summoner)          Turns: 2151, Time: 00:08:39

Health: 0/24       AC:  8    Str:  9    XL:     3   Next: 85%
Magic:  0/7        EV: 12    Int: 17    God:
Gold:   141        SH:  0    Dex: 12    Spells: 0/7 levels left

rFire   . . .        i - +0 short sword (speed)
rCold   . . .        (no shield)
rNeg    . . .        a - +0 robe
rPois   .            f - +2 helmet
rElec   .            (no cloak)
rCorr   +            m - +0 pair of gloves
SInv    .            o - +1 pair of boots
Will    .....        (no amulet)
Stlth   ++           c - ring of flight
HPRegen 0.24/turn    l - ring of resist corrosion
MPRegen 0.10/turn

%: no passive effects
@: flying, slow
A: amphibious, slowness 1, strong legs 1, +LOS
a: Hop


You were on level 3 of the Dungeon.
You visited 1 branch of the dungeon, and saw 3 of its levels.

You collected 141 gold pieces.

Inventory:

Hand Weapons
 i - a +0 short sword of speed (weapon)
Armour
 a - a +0 robe (worn)
 f - a +2 helmet (worn)
 m - a +0 pair of gloves (worn)
 o - a +1 pair of boots (worn)
Jewellery
 c - a ring of flight (left hand)
 l - a ring of resist corrosion (right hand)
Scrolls
 d - 2 scrolls of immolation {unknown}
 e - a scroll of fog {unknown}
 g - a scroll of acquirement {unknown}
 j - a scroll of poison {unknown}
 k - a scroll of enchant armour {unknown}
 n - a scroll of identify {unknown}
Potions
 b - a potion of magic
 h - 2 potions of berserk rage {unknown}


   Skills:
 + Level 0.1 Short Blades
 + Level 0.5 Maces & Flails
 + Level 2.5 Dodging
 + Level 1.8 Stealth
 + Level 2.8 Spellcasting
 + Level 5.7 Summonings


You couldn't memorise any spells.
You knew the following spells:

 Your Spells              Type           Power      Damage    Failure   Level
a - Summon Small Mammal   Summ           84%        N/A       1%          1
b - Call Imp              Summ           42%        N/A       2%          2
c - Call Canine Familiar  Summ           21%        N/A       4%          3
d - Freeze                Ice            8%         1d3       19%         1

Your spell library contained the following spells:

 Spells                   Type           Power      Damage    Failure   Level
 Slow                     Hex            8%         N/A       19%         1
 Ensorcelled Hibernation  Hex/Ice        4%         N/A       26%         2
 Confusing Touch          Hex            2%         N/A       47%         3
 Frozen Ramparts          Ice            4%         1d1       47%         3
 Hailstorm                Conj/Ice       2%         3d5       47%         3
 Passwall                 Erth           2%         N/A       47%         3
 Sigil of Binding         Hex            2%         N/A       47%         3
 Swiftness                Air            2%         N/A       47%         3
 Vampiric Draining        Necr           2%         2d6       47%         3
 Summon Blazeheart Golem  Fire/Summ      12%        N/A       50%         4
 Summon Lightning Spire   Summ/Air       12%        N/A       50%         4


Dungeon Overview and Level Annotations

Branches:
Dungeon (3/15)

Altars:

Annotations:
D:3 Ijyb


Innate Abilities, Weirdness & Mutations

You are amphibious.
You cover ground slowly.
You can hop short distances.
You have an extended range of vision and can be seen from far away.


Message History

Ijyb zaps a wand.
The puff of flame misses you.
You closely miss Ijyb.
Ijyb is almost dead.
Ijyb closely misses you.
You closely miss Ijyb. Your punch misses Ijyb.
Ijyb is almost dead.
You barely miss Ijyb.
Ijyb is almost dead.
Ijyb screams, "It's all mine!"
Ijyb closely misses you.
You barely miss Ijyb.
Ijyb is almost dead.
Ijyb screams, "You nasty!
Big nasty!"
Ijyb closely misses you.
You closely miss Ijyb.
Ijyb is almost dead.
You barely miss Ijyb.
Ijyb is almost dead.
Ijyb hits you with a +0 dagger.
You closely miss Ijyb.
Ijyb is almost dead.
Ijyb zaps a wand.
The puff of flame hits you.
* * * LOW HITPOINT WARNING * * *
You barely miss Ijyb.
Ijyb is almost dead.
Your magical contamination has completely faded away.
Casting: Freeze (safe; 19% risk of failure)
Confirm with . or Enter, or press ? or * to list all spells.
Aiming: Freeze (safe; 19% risk of failure)
Press: ? - help, Shift-Dir - straight line, f/p - Ijyb
Aim: Ijyb, wielding a +0 dagger, wearing a +0 ring mail and carrying a wand of flame (almost dead)
You freeze Ijyb.
Ijyb is almost dead.
Your familiar recovers from its injuries.
Ijyb hits you with a +0 dagger.
* * * LOW HITPOINT WARNING * * *
You hit Ijyb.
Ijyb is almost dead.
Ijyb zaps a wand.
The puff of flame hits you.
You die...

# #. ...
#.#.##### #.#
#.#.....####.#
###.....†)....<#
..........######
#####.....#
#.....# #.#.###
#.#@# # #g# #.#
#.# #.. .## . .
##


You could see Ijyb.

Vanquished Creatures
  4 bats
  2 endoplasms (D:1)
  3 hobgoblins
  3 kobolds
  3 ball pythons
  A frilled lizard (D:2)
  3 goblins
  A rat (D:2)
20 creatures vanquished.

Vanquished Creatures (collateral kills)
  An endoplasm (D:1)
  A giant cockroach (D:1)
  2 goblins (D:2)
  7 hobgoblins
  4 kobolds
  2 ball pythons (D:2)
  4 bats
  4 rats
25 creatures vanquished.

Grand Total: 45 creatures vanquished

Notes
Turn   | Place    | Note
-------+----------+-------------------------------------------
     0 | D:1      | Sweetruy1997 the Barachi Summoner began the quest for the
                  | Orb.
     0 | D:1      | Reached XP level 1. HP: 13/13 MP: 3/3
    73 | D:1      | Reached skill level 5 in Summonings
   143 | D:1      | Reached XP level 2. HP: 6/19 MP: 3/5
   289 | D:1      | Learned a level 2 spell: Call Imp
   502 | D:1      | Found a faded altar of an unknown god.
   786 | D:1      | Reached XP level 3. HP: 24/24 MP: 3/6
   812 | D:1      | Learned a level 3 spell: Call Canine Familiar
  1690 | D:2      | Learned a level 1 spell: Freeze
  2105 | D:3      | Noticed Ijyb
  2151 | D:3      | Killed from afar by Ijyb

Illustrated notes

Levels and vault maps discovered:
D:1:      mrwooster_arrival_statue, layout_basic, nicolae_ecumenical_lake_church
D:2:      layout_loops_ring
D:3:      layout_loops_ring, serial_shops, shop, serial_bayou_crossing,
          uniq_ijyb, uniq_robin

Skill      XL: |  1 |
---------------+----+-----
Summonings     | 5 |  5.7
Short Blades   | |  0.1
Maces & Flails | |  0.5
Dodging        | |  2.5
Stealth        | |  1.8
Spellcasting   | |  2.8

Action                     || total
---------------------------++-------
  Melee: Unarmed           ||     8
         Club              ||    25
         Short sword       ||    62
   Cast: Summon Small Mamm ||    14
         Call Imp          ||    16
         Call Canine Famil ||     7
         Freeze            ||     6
   Stab: Sleeping          ||     1
 Armour: Robe              ||    68
  Dodge: Dodged            ||    98

Table legend: (Time is in decaauts)
 A = Elapsed time spent in this place.
 B = Non-inter-level travel time spent in this place.
 C = Inter-level travel time spent in this place.
 D = Time resting spent in this place.
 E = Time spent auto-exploring this place.
 F = Levels seen in this place.
 G = Mean time per level.
                   A        B        C        D        E       F      G
               +--------+--------+--------+--------+--------+-----+--------+
         Total |   2419 |   2285 |    134 |     54 |   1641 |   3 |  806.3 |
       Dungeon |   2419 |   2285 |    134 |     54 |   1641 |   3 |  806.3 |
               +--------+--------+--------+--------+--------+-----+--------+

Top non-repeatable levels by time:
     D:1: 1441 daAuts
     D:2: 908 daAuts
     D:3: 69 daAuts
